 Dungeon Crawl Stone Soup version 0.31.0-32-g396128a36d (webtiles) character file.

Game seed: 1107652420326177972

61 Glalom the Poker (level 4, -5/48 HPs)
             Began as an Oni Cinder Acolyte on Mar 28, 2024.
             Was a High Priest of Ignis.
             Slain by an orc
             ... wielding a +0 mace
              (6 damage)
             ... on level 3 of the Dungeon.
             The game lasted 00:04:57 (2466 turns).

Glalom the Poker (Oni Cinder Acolyte)               Turns: 2466, Time: 00:04:57

Health: -5/48      AC:  4    Str: 20    XL:     4   Next: 7%
Magic:  6/6        EV:  9    Int: 15    God:    Ignis [*****.]
Gold:   149        SH:  0    Dex:  4    Spells: 6/6 levels left

rFire   + . .        a - -1 spear (flame)
rCold   . . .        (no shield)
rNeg    . . .        b - +0 robe
rPois   .            (helmet restricted)
rElec   .            o - +0 cloak
rCorr   .            (gloves unavailable)
SInv    .            (boots unavailable)
Will    .....        (no amulet)
Stlth   +            (no ring)
HPRegen 0.28/turn    (no ring)
MPRegen 0.10/turn

%: no passive effects
@: brilliant
A: large, unfitting armour, horns 1, tough skin 1, double potion healing,
drunken brawling
a: Renounce Religion, Fiery Armour, Foxfire Swarm, Rising Flame


You were on level 3 of the Dungeon.
You worshipped Ignis.
Ignis was extremely pleased with you.
You visited 1 branch of the dungeon, and saw 3 of its levels.

You collected 149 gold pieces.

Inventory:

Hand Weapons
 a - a -1 spear of flaming (weapon)
Armour
 b - a +0 robe (worn)
 o - a +0 cloak (worn)
Scrolls
 d - 3 scrolls of teleportation {unknown}
 e - a scroll of revelation {unknown}
 f - 5 scrolls of identify {unknown}
 h - a scroll of fog {unknown}
 j - 2 scrolls of noise {unknown}
 k - a scroll of immolation {unknown}
 l - a scroll of enchant armour {unknown}
 m - a scroll of vulnerability {unknown}
Potions
 c - a potion of brilliance
 g - 2 potions of curing {unknown}
 i - a potion of berserk rage {unknown}
 n - a potion of resistance {unknown}
 p - a potion of lignification {unknown}


   Skills:
 - Level 4.1 Fighting
 + Level 4.5 Polearms
 - Level 1.5 Spellcasting
 - Level 2.8 Fire Magic


You had 6 spell levels left.
You didn't know any spells.
Your spell library contained the following spells:

 Spells                   Type           Power      Damage    Failure   Level
 Scorch                   Fire           28%        2d6       11%         2


Dungeon Overview and Level Annotations

Branches:
Dungeon (3/15)

Altars:

Shops:
D:1 =


Innate Abilities, Weirdness & Mutations

You are too large for most types of armour.
You have a pair of small horns on your head.
You have tough skin. (AC +1)
You gain doubled healing and magic from potions.
Whenever you drink a healing potion, you attack all around you.


Message History

Pain shoots through your body!
You closely miss the orc priest. Your headbutt misses the orc priest.
The orc priest is heavily wounded.
The orc hits you with a +0 mace.
The orc priest calls down the wrath of Beogh upon you.
Beogh smites you!
You closely miss the orc priest.
You headbutt the orc priest, but do no damage.
The orc priest is heavily wounded.
The orc hits you with a +0 mace.
* * * LOW HITPOINT WARNING * * *
The orc priest closely misses you.
You closely miss the orc priest.
The orc priest is heavily wounded.
The orc hits you but does no damage. The orc priest barely misses you.
You barely miss the orc priest.
The orc priest is heavily wounded.
The orc hits you with a +0 mace.
* * * LOW HITPOINT WARNING * * *
The orc priest hits you but does no damage.
You hit the orc priest but do no damage.
The orc priest is heavily wounded.
The orc hits you but does no damage.
You barely miss the orc priest. You headbutt the orc priest.
The orc priest is severely wounded.
The orc priest looks satisfied for a moment.
The orc hits you with a +0 mace.
* * * LOW HITPOINT WARNING * * *
You hit the orc priest. You burn the orc priest.
The orc priest is almost dead.
The orc priest closely misses you.
You hit the orc priest but do no damage.
The orc priest is almost dead.
The orc hits you with a +0 mace.
* * * LOW HITPOINT WARNING * * *
The orc priest casts a cantrip, but nothing happens.
It was a potion of brilliance.
You feel clever all of a sudden. The orc hits you with a +0 mace.
You die...

.....#..........##....
o...................#.
..............$.#....>
....#... .... #...#.
#.##..# #..## #.....
#.##.##... #.....
#.#.....# ......
##....####...
#...o@......#
#.##o..####..
##.##...# ###..#...##
#...#....#
#...#...####
#...###....##
#...###.....#
#...##..##....##


You could see an orc priest and an orc.

Vanquished Creatures
  An adder (D:2)
  A dart slug (D:2)
  A ribbon worm (D:3)
  An orc (D:2)
  2 ball pythons
  4 endoplasms
  7 goblins
  4 hobgoblins
  3 jackals (D:2)
  5 kobolds
  2 quokkas (D:2)
  6 bats
  4 frilled lizards
  2 rats
43 creatures vanquished.

Notes
Turn   | Place    | Note
-------+----------+-------------------------------------------
     0 | D:1      | Glalom the Oni Cinder Acolyte began the quest for the Orb.
     0 | D:1      | Reached XP level 1. HP: 24/24 MP: 2/2
   178 | D:1      | Found Keicoc's Jewellery Shop.
   244 | D:1      | Reached XP level 2. HP: 30/32 MP: 4/4
   837 | D:2      | Reached XP level 3. HP: 3/39 MP: 5/5
   839 | D:2      | HP: 1/39 [poisoned by an adder]
  2234 | D:2      | Reached XP level 4. HP: 36/48 MP: 6/6
  2465 | D:3      | HP: 1/48 [orc/+0 mace (4)]
  2466 | D:3      | Slain by an orc

Illustrated notes

Levels and vault maps discovered:
D:1:      dpeg_arrival_lava_temple_mockup, layout_rooms, serial_shops,
          nicolae_shop_back_alley_shop
D:2:      layout_basic, dk_noncrumbling_4, st_stairs_5
D:3:      layout_rooms, corexii_item_surrounded_by_moat, st_stairs_14,
          mrwooster_statue_mirror

Skill      XL: |  1  2  3 |
---------------+----------+-----
Polearms       | 4 |  4.5
Fighting       | |  4.1
Spellcasting   | |  1.5
Fire Magic     | |  2.8

Action                     |  1- 3 |  4- 6 || total
---------------------------+-------+-------++-------
  Melee: Spear             |   150 |    21 ||   171
         Headbutt          |     8 |     3 ||    11
    Use: Potion            |       |     1 ||     1
 Armour: Robe              |    80 |    19 ||    99
  Dodge: Dodged            |    51 |     7 ||    58
